AoeStats
← APTokyo

Lombardia

509268972Analyzed
2v2 RM · 6d ago on Sep 26, 2026· 60m 36s· 4 players
Game mode
Random Map
Map size
Medium (4 player)
Population
200
Speed
Normal
Resources
Standard
Victory
Conquest
Starting age
Dark Age
Ending age
Imperial Age
RankedLock teamsTeams togetherTeam positionsShared explorationLock speedFull tech treeHidden civsTurbo modeCheats
Victory
Defeat
🇺🇸 Danes · United States
1200
+16
🇺🇸 Saxons · United States
1174
+16
🇦🇷 Berbers · Argentina
1190
-16
🇦🇷 Wei · Argentina
1189
-16
PaperDrake921
9:22 Loom
11:09 Feudal Age
16:12 Castle Age
13:55 Horse Collar
17:04 Double-Bit Axe
17:56 Wheelbarrow
18:20 Bow Saw
18:08 Stone Mining
24:44 Heavy Plow
25:16 Scale Mail Armor
25:28 Forging
26:33 Chain Mail Armor
28:28 Iron Casting
29:46 Hand Cart
29:58 Gambesons
30:14 Squires
30:01 Arson
34:45 Imperial Age
33:07 Fletching
33:17 Padded Archer Armor
33:00 Hamask
34:09 Bodkin Arrow
34:57 Elite Jomsviking
36:00 Masonry
36:41 Plate Mail Armor
37:20 Bracer
37:36 Leather Archer Armor
38:38 Hoardings
38:23 Conscription
38:35 Thumb Ring
38:00 Elite Skirmisher
38:43 Town Watch
40:43 Ring Archer Armor
41:13 Blast Furnace
40:39 Ballistics
41:20 Chemistry
40:27 Siege Engineers
47:44 Elite Varangian Guard
48:26 Capped Ram
49:23 Siege Ram
APTokyo
8:38 Loom
10:23 Feudal Age
14:22 Double-Bit Axe
14:19 Horse Collar
17:20 Castle Age
17:42 Stone Mining
19:03 Bow Saw
20:59 Wheelbarrow
25:27 Hand Cart
25:31 Gold Mining
25:44 Heavy Plow
27:47 Gold Mining
28:14 Fletching
28:25 Scale Mail Armor
29:18 Bodkin Arrow
30:12 Chain Mail Armor
30:06 Town Watch
31:05 Gold Shaft Mining
31:50 Forging
34:15 Imperial Age
33:21 Ballistics
33:35 Fortified Wall
33:39 Masonry
34:21 Iron Casting
35:31 Plate Mail Armor
35:02 Bracer
36:05 Chemistry
34:51 Treadmill Crane
35:07 Shield Wall
36:24 Hoardings
36:19 Conscription
36:33 Block Printing
36:30 Redemption
35:48 Clerical Recruitment
36:11 Elite Hearth Troop
37:31 Architecture
39:28 Squires
39:13 Arson
40:33 Siege Engineers
40:05 Elite Skirmisher
40:51 Thumb Ring
40:30 Elite Varangian Guard
48:05 Padded Archer Armor
48:24 Guilds
51:36 Two-Man Saw
51:07 Crop Rotation
51:05 Town Patrol
50:56 Capped Ram
52:24 Sanctity
52:34 Illumination
53:05 Caravan
53:36 Coinage
52:48 Siege Ram
54:56 Leather Archer Armor
54:49 Scale Barding Armor
56:40 Ring Archer Armor
56:26 Pikeman
57:00 Gambesons
[BJTOX]pepesasia
4:00 Loom
7:06 Loom
9:46 Feudal Age
10:24 Double-Bit Axe
10:21 Horse Collar
17:42 Wheelbarrow
20:51 Castle Age
18:56 Gold Mining
19:04 Fletching
19:26 Padded Archer Armor
19:36 Padded Archer Armor
20:01 Bloodlines
21:37 Bodkin Arrow
21:44 Husbandry
23:37 Bow Saw
30:41 Imperial Age
29:09 Gold Shaft Mining
29:15 Leather Archer Armor
29:19 Thumb Ring
30:28 Gold Shaft Mining
29:44 Stone Mining
29:55 Heavy Plow
31:37 Bracer
32:11 Parthian Tactics
32:58 Chemistry
33:38 Ring Archer Armor
35:33 Conscription
36:14 Ballistics
37:21 Ming Guang Armor
40:04 Murder Holes
41:09 Scale Barding Armor
44:02 Chain Barding Armor
43:53 Forging
44:18 Heavy Hei Guang Cavalry
48:24 Iron Casting
48:16 Light Cavalry
49:52 Hussar
52:32 Blast Furnace
51:37 Tuntian
55:42 Man-at-Arms
[BJTOX] Guille
7:21 Loom
10:31 Feudal Age
19:48 Castle Age
20:22 Bloodlines
22:53 Wheelbarrow
24:05 Double-Bit Axe
26:26 Horse Collar
26:35 Town Watch
30:34 Town Patrol
33:15 Imperial Age
32:18 Fletching
34:23 Bow Saw
34:29 Padded Archer Armor
34:38 Thumb Ring
36:07 Conscription
36:20 Caravan
39:07 Ballistics
39:48 Chemistry
39:01 Masonry
39:07 Fortified Wall
42:07 Maghrebi Camels
41:28 Elite Camel Archer
43:23 Bodkin Arrow
43:27 Heavy Scorpion
49:08 Siege Engineers
49:35 Cavalier
50:12 Light Cavalry
50:54 Husbandry
56:28 Hussar
56:54 Hussar
59:20 Scale Barding Armor
Connection lost

Rejoining the realm…

Still unreachable

The connection could not be restored.

Session expired

The server has moved on; the page needs a fresh start.